 Dungeon Crawl Stone Soup version 0.31-a0-222-gefeffbb62a (webtiles) character file.

Game seed: 9276309537658733460

397 qw the Shooter (level 6, -8/52 HPs)
             Began as a Minotaur Hexslinger on July 4, 2023.
             Mangled by an ogre
             ... wielding a +0 giant club
              (28 damage)
             ... on level 4 of the Dungeon.
             The game lasted 00:00:57 (2877 turns).

qw the Shooter (Minotaur Hexslinger)                Turns: 2877, Time: 00:00:58

Health: -8/52      AC:  5    Str:  9 (12) XL:     6   Next: 53%
Magic:  6/6        EV: 11    Int:  9 (10) God:
Gold:   158        SH:  0    Dex: 20 (21) Spells: 6/7 levels left

rFire   . . .        Y - +2 sling
rCold   . . .        (no shield)
rNeg    . . .        k - +0 ring mail
rPois   .            (helmet restricted)
rElec   .            (no cloak)
rCorr   .            (no gloves)
SInv    .            (no boots)
Will    .....        (no amulet)
Stlth   +            c - +6 ring of dexterity
HPRegen 0.28/turn    (no ring)
MPRegen 0.10/turn

%: no passive effects
@: no status effects
A: horns 2, retaliatory headbutt
a: no special abilities


You were on level 4 of the Dungeon.
You visited 1 branch of the dungeon, and saw 4 of its levels.

You collected 191 gold pieces.
You spent 33 gold pieces at shops.


Innate Abilities, Weirdness & Mutations

You have a pair of horns on your head.
You reflexively headbutt those who attack you in melee.


   Skills:
 - Level 4.0 Fighting
 + Level 6.6 Ranged Weapons
 - Level 1.3 Armour
 - Level 2.1 Dodging
 - Level 1.0 Spellcasting
 - Level 2.0 Hexes


You had 6 spell levels left.
You knew the following spells:

 Your Spells              Type           Power      Damage    Failure   Level
a - Slow                  Hex            16%        N/A       41%         1

Your spell library contained the following spells:

 Spells                   Type           Power      Damage    Failure   Level
 Inner Flame              Hex/Fire       2%         N/A       90%         3
 Portal Projectile        Hex/Tloc       4%         N/A       90%         3
 Cause Fear               Hex            2%         N/A       99%         4

Inventory:

Hand Weapons
 Y - a +2 sling (weapon)
Armour
 k - a +0 ring mail (worn)
Jewellery
 c - a +6 ring of dexterity (left hand)
Scrolls
 b - a scroll of amnesia {unknown}
 e - a scroll of teleportation
 g - 2 scrolls of identify
Potions
 a - 2 potions of haste
 d - 2 potions of cancellation
 h - a potion of curing
 i - a potion of resistance
 n - a potion of attraction {unknown}

Dungeon Overview and Level Annotations

Branches:
Dungeon (4/15)
 Temple: D:4-7

Altars:
Hepliaklqana
Qazlal

Shops:
D:3 !

Portals:
Abyss: D:3

Annotations:
D:3 2 transporters, qw's ghost, amateur GrFi


Message History

The hobgoblin shouts!
The sling bullet hits the hobgoblin!
You kill the hobgoblin!
You hear a shout!
You start resting.
An ogre comes into view. It is wielding a +0 giant club.
You shoot a sling bullet. The sling bullet hits the ogre.
The ogre is lightly wounded.
You shoot a sling bullet. The sling bullet hits the ogre.
The ogre is moderately wounded.
You shoot a sling bullet.
The sling bullet hits the ogre but does no damage.
The ogre is moderately wounded.
You shoot a sling bullet. The sling bullet hits the ogre.
The ogre is moderately wounded.
You shoot a sling bullet.
The sling bullet completely misses the ogre.
You shoot a sling bullet.
The sling bullet completely misses the ogre.
The ogre misses you.
You shoot a sling bullet. The sling bullet hits the ogre.
The ogre is heavily wounded.
The ogre misses you.
You shoot a sling bullet. The sling bullet hits the ogre.
The ogre is severely wounded.
You shoot a sling bullet. The sling bullet hits the ogre.
The ogre is severely wounded.
The ogre closely misses you. You furiously retaliate!
You headbutt the ogre. You shoot a sling bullet.
The sling bullet barely misses the ogre.
The ogre closely misses you.
You shoot a sling bullet. The sling bullet hits the ogre.
The ogre is almost dead.
The ogre barely misses you.
You shoot a sling bullet.
The sling bullet hits the ogre but does no damage.
The ogre is almost dead.
The ogre hits you with a +0 giant club!!
Ouch! That really hurt!
You die...

### #### #.##...###....
###.......#....
##.##.............##...
#......@.#............##
........O#..............
..#.###...........##....
#.##..........####..#
###....##........##...##
.......##.........#.....
#.#....#........#.......
###.#............##.......
#...#........)..###.....(.


You could see an ogre.

Vanquished Creatures
  2 scorpions
  A howler monkey (D:4)
  2 hounds
  A sleepcap (D:3)
  10 adders
  2 worms
  2 dart slugs (D:1)
  6 endoplasms
  6 giant cockroaches
  4 goblins
  6 hobgoblins
  2 jackals (D:2)
  5 kobolds
  A quokka (D:2)
  5 ball pythons
  5 frilled lizards
  4 rats
64 creatures vanquished.

Notes
Turn   | Place    | Note
-------+----------+-------------------------------------------
     0 | D:1      | qw the Minotaur Hexslinger began the quest for the Orb.
     0 | D:1      | Reached XP level 1. HP: 16/16 MP: 1/1
     0 | D:1      | 0 ||| qw: Version: 0.3-a-46-gb1f654a
     0 | D:1      | 0 ||| qw: Game counter: 899
     0 | D:1      | 0 ||| qw: Melee chars always use a shield: true
     0 | D:1      | 0 ||| qw: God list: Okawaru
     0 | D:1      | 0 ||| qw: Allow faded altars: false
     0 | D:1      | 0 ||| qw: Do Orc after clearing Dungeon:15 true
     0 | D:1      | 0 ||| qw: Do second Lair branch before Depths: true
     0 | D:1      | 0 ||| qw: Lair rune preference: random
     0 | D:1      | 0 ||| qw: Goals: Normal
     0 | D:1      | 0 ||| PLANNING D:1-11
   134 | D:1      | Reached skill level 3 in Ranged Weapons
   134 | D:1      | Reached XP level 2. HP: 23/23 MP: 2/2
   797 | D:1      | 797 ||| UPGRADING to +0 leather armour.
   807 | D:1      | 807 ||| DROPPING +0 robe.
   808 | D:1      | 808 ||| READING scroll labelled EHEAMI BELORCH.
   809 | D:1      | 809 ||| READING scroll labelled LOANAH SELLIR.
   810 | D:1      | 810 ||| READING scroll labelled QOS FYSEFUUPP.
   811 | D:1      | 811 ||| READING scroll labelled WATRO NEOHUJU.
   812 | D:1      | 812 ||| READING scroll labelled FESSEI PIZXESH.
   813 | D:1      | 813 ||| READING scroll labelled JAMIRHO JAAFRO.
   814 | D:1      | 814 ||| DROPPING scroll of poison.
   866 | D:2      | Reached XP level 3. HP: 29/29 MP: 3/3
   871 | D:2      | Found a hazy altar of Hepliaklqana.
   927 | D:2      | Reached skill level 4 in Ranged Weapons
  1341 | D:2      | Reached XP level 4. HP: 26/36 MP: 4/4
  1488 | D:2      | Reached skill level 5 in Ranged Weapons
  1733 | D:2      | 1733 ||| UPGRADING to +6 ring of dexterity.
  1734 | D:2      | 1734 ||| READING 2 scrolls labelled ZAONWO SIAR.
  1737 | D:2      | 1737 ||| READING 2 scrolls labelled OJOXEN VUTI.
  1738 | D:2      | 1738 ||| READING scroll labelled UHOUMEI ZUJICU.
  1739 | D:2      | 1739 ||| DRINKING 2 inky potions.
  1740 | D:2      | 1740 ||| DRINKING 3 murky green potions.
  1741 | D:2      | 1741 ||| DRINKING 2 metallic black potions.
  1742 | D:2      | 1742 ||| DRINKING 2 green potions.
  1743 | D:2      | 1743 ||| DROPPING potion of magic.
  1784 | D:3      | Found Uritolei's Distillery.
  1790 | D:3      | 1790 ||| SHOPLISTING potion of cancellation (88 gold, have
                  | 80).
  1790 | D:3      | 1790 ||| BUYING potion of curing (33 gold).
  1790 | D:3      | Bought a potion of curing for 33 gold pieces
  1790 | D:3      | 1790 ||| SHOPLISTING potion of haste (110 gold, have 47).
  1826 | D:3      | Noticed a scorpion
  1832 | D:3      | Killed a scorpion
  1833 | D:3      | Reached XP level 5. HP: 36/46 MP: 5/5
  2098 | D:3      | Found a stormy altar of Qazlal.
  2104 | D:3      | Found a hazy altar of Hepliaklqana.
  2344 | D:3      | Found a transporter.
  2363 | D:3      | Found a transporter.
  2379 | D:3      | Noticed qw's ghost (amateur GrFi)
  2401 | D:3      | Found a one-way gate to the infinite horrors of the Abyss.
  2446 | D:3      | Reached XP level 6. HP: 52/52 MP: 6/6
  2619 | D:3      | 2619 ||| UPGRADING to +0 ring mail.
  2629 | D:3      | 2629 ||| DROPPING +0 leather armour.
  2630 | D:3      | 2630 ||| READING scroll labelled QED FOMUS ZATZ.
  2731 | D:3      | 2731 ||| DRINKING 2 purple potions.
  2732 | D:3      | 2732 ||| DRINKING 2 emerald potions.
  2733 | D:3      | 2733 ||| DROPPING potion of degeneration.
  2822 | D:4      | Reached skill level 1 in Armour
  2845 | D:4      | Reached skill level 6 in Ranged Weapons
  2848 | D:4      | HP: 9/52 [poisoned by a scorpion]
  2849 | D:4      | 2849 ||| READING 2 scrolls of teleportation.
  2849 | D:4      | HP: 2/52 [poisoned by a scorpion]
  2850 | D:4      | 2850 ||| DRINKING 2 potions of curing.
  2850 | D:4      | 2850 ||| (to cure poison)
  2877 | D:4      | Mangled by an ogre

Levels and vault maps discovered:
D:1:      dpeg_arrival_prison, layout_loops_ring, nrook_loot_triangle,
          minivault_26
D:2:      minmay_chambers_of_ones, layout_loops_cross, basic_altar,
          minmay_statues_item, minmay_split_cup_large
D:3:      layout_loops_ring, nicolae_overflow_squiral,
          gammafunk_ghost_abyssal_escape, serial_shops,
          nicolae_shop_industrial_runoff, kennysheep_cluttered_room,
          grunt_ministairs_8
D:4:      layout_cave_pools, gammafunk_ghost_grave

Skill      XL: |  1  2  3  4  5  6 |
---------------+-------------------+-----
Ranged Weapons | 3 4 5 6 |  6.6
Fighting       | 2 4 |  4.0
Armour         | 1 |  1.3
Dodging        | |  2.1
Spellcasting   | |  1.0
Hexes          | |  2.0

Action                     |  1- 3 |  4- 6 || total
---------------------------+-------+-------++-------
   Fire: Sling             |    87 |   100 ||   187
    Use: Scroll            |     6 |     5 ||    11
         Potion            |       |     7 ||     7
 Armour: Robe              |     2 |       ||     2
         Leather armour    |     5 |     3 ||     8
         Ring mail         |       |     9 ||     9
  Dodge: Dodged            |    11 |    48 ||    59

Table legend:
 A = Non-vault XP
 B = Vault XP
 C = Vault XP percentage of total XP
 D = Non-vault monster count
 E = Vault monster count
 F = Vault count percentage of total count
                 A         B        C        D         E       F
            +---------+---------+-------+---------+---------+-------
      Total |     502 |      66 |  11.6 |      52 |      12 |  18.8
            +---------+---------+-------+---------+---------+-------
        D:1 |      27 |       1 |   3.6 |      14 |       1 |   6.7
        D:2 |      89 |      59 |  39.9 |      21 |       9 |  30.0
        D:3 |     203 |       6 |   2.9 |      10 |       2 |  16.7
        D:4 |     183 |       0 |   0.0 |       7 |       0 |   0.0
            +---------+---------+-------+---------+---------+-------
